 Dungeon Crawl Stone Soup version 0.27-a0-1374-gc14e5d3922 (webtiles) character file.

Game seed: 9746717906733341563

25217 Delamore the Earth Mage (level 12, -4/52 HPs)
             Began as a Felid Conjurer on June 29, 2021.
             Was an Initiate of Gozag.
             Slain by a dire elephant zombie (26 damage)
             ... on level 6 of the Lair of Beasts.
             The game lasted 00:56:23 (29817 turns).

Delamore the Earth Mage (Felid Conjurer)           Turns: 29817, Time: 00:56:24

Health: -4/52      AC:  5    Str:  3    XL:     12   Next: 87%
Magic:  18/27      EV: 23    Int: 30    God:    Gozag
Gold:   837        SH:  0    Dex: 15    Spells: 10/32 levels left
                                        Lives:  0   Deaths: 4

rFire    . . .     SeeInvis +   (weapon unavailable)
rCold    + . .     Faith    .   (shield unavailable)
rNeg     . . .     Spirit   .   (armour unavailable)
rPois    .         Reflect  .   (helmet unavailable)
rElec    .         Harm     .   (cloak unavailable)
rCorr    .         Rampage  .   (gloves unavailable)
Will     +....                  (boots unavailable)
Stlth    ++++......             K - amulet of magic regeneration
HPRegen  0.17/turn              e - +6 ring of intelligence
MPRegen  0.45/turn              H - ring of wizardry

@: very slightly contaminated, quick
A: very small, claws 1, fangs 3, see invisible, speed 1, shaggy fur 3, stealthy
paws, no weapons or thrown items, no armour, multi-lived, iridescent scales 1,
evolution 1, MP-powered wands
a: Renounce Religion, Potion Petition, Call Merchant, Bribe Branch


You were on level 6 of the Lair of Beasts.
You worshipped Gozag.
Gozag was pleased with you.
You visited 4 branches of the dungeon, and saw 17 of its levels.

You collected 5725 gold pieces.
You spent 2201 gold pieces at shops.
You paid 2687 gold pieces to Gozag.

Inventory:

Jewellery
 e - a +6 ring of intelligence (left paw)
 i - a ring of see invisible
 w - a ring of protection from fire
 x - a +4 ring of evasion
 G - a ring of resist corrosion
 H - a ring of wizardry (right paw)
 K - an amulet of magic regeneration (around neck)
Wands
 a - a wand of acid (5)
 C - a wand of iceblast (20)
 E - a wand of digging (5)
 F - a wand of paralysis (6)
Scrolls
 d - 2 scrolls of blinking
 f - 7 scrolls of teleportation
 h - a scroll of identify
 m - a scroll of amnesia
 n - 4 scrolls of summoning
 o - 3 scrolls of immolation
 r - 3 scrolls of noise {unknown}
 t - 2 scrolls of fear {unknown}
 y - 2 scrolls of torment {unknown}
 A - 3 scrolls of fog {unknown}
 B - 3 scrolls of silence {unknown}
 D - a scroll of enchant armour
 I - a scroll of enchant weapon {unknown}
Potions
 b - 9 potions of curing
 c - 3 potions of heal wounds
 g - 2 potions of berserk rage
 j - a potion of cancellation
 k - a potion of ambrosia
 l - 3 potions of flight
 p - 5 potions of might
 q - 2 potions of degeneration {unknown}
 s - 2 potions of haste
 u - 3 potions of attraction
 v - 3 potions of brilliance
 z - 2 potions of invisibility {unknown}
 J - a potion of magic {unknown}


   Skills:
 + Level 6.1 Fighting
 + Level 10.9 Dodging
 - Level 10.0 Stealth
 + Level 10.6 Spellcasting
 + Level 6.0 Conjurations
 - Level 10.0 Transmutations
 - Level 15.0 Earth Magic


You had 10 spell levels left.
You knew the following spells:

 Your Spells              Type           Power      Damage    Failure   Level
a - Magic Dart            Conj           100%       1d8       1%          1
b - Searing Ray           Conj           100%       3d7       1%          2
c - Slow                  Hex            16%        N/A       1%          2
d - Irradiate             Conj/Tmut      29%        3d23      1%          5
e - Statue Form           Tmut/Erth      49%        N/A       1%          6
f - Blink                 Tloc           N/A        N/A       1%          2
g - Iskenderun's Mystic   Conj/Tloc      34%        2d8       4%          4

Your spell library contained the following spells:

 Spells                   Type           Power      Damage    Failure   Level
 Animate Skeleton         Necr           32%        N/A       1%          1
 Apportation              Tloc           32%        N/A       1%          1
 Corona                   Hex            17%        N/A       1%          1
 Shock                    Conj/Air       100%       1d9       1%          1
 Summon Small Mammal      Summ           64%        N/A       1%          1
 Call Imp                 Summ           16%        N/A       1%          2
 Corpse Rot               Necr/Air       N/A        N/A       1%          2
 Static Discharge         Conj/Air       34%        N/A       1%          2
 Sublimation of Blood     Necr           8%         N/A       1%          2
 Conjure Flame            Conj/Fire      34%        6-21      1%          3
 Dazzling Flash           Conj/Hex       68%        N/A       1%          3
 Ignite Poison            Fire/Tmut/Pois 36%        N/A       1%          3
 Mephitic Cloud           Conj/Pois/Air  28%        N/A       1%          3
 Ice Form                 Ice/Tmut       46%        N/A       1%          4
 Petrify                  Tmut/Erth      74%        N/A       1%          4
 Borgnjor's Vile Clutch   Necr/Erth      28%        N/A       1%          5
 Lesser Beckoning         Tloc           8%         N/A       4%          3
 Swiftness                Air            16%        N/A       4%          3
 Tukima's Dance           Hex            16%        N/A       4%          3
 Fulminant Prism          Conj/Hex       17%        3d11      4%          4
 Alistair's Intoxication  Tmut/Pois      30%        N/A       4%          5
 Lightning Bolt           Conj/Air       17%        1d31      11%         5
 Airstrike                Air            8%         N/A       13%         4
 Dispel Undead            Necr           16%        3d10      13%         4
 Eringya's Noxious Bog    Tmut/Pois      23%        N/A       26%         6
 Agony                    Necr           16%        N/A       32%         5
 Death Channel            Necr           8%         N/A       86%         6
 Invisibility             Hex            8%         N/A       86%         6
 Shatter                  Erth           41%        3d32*     93%         9
 Excruciating Wounds      Necr           Unusable   N/A       N/A         5

Dungeon Overview and Level Annotations

Branches:
Dungeon (9/15)             Temple (1/1) D:5            Lair (6/6) D:9
  Swamp (1/4) Lair:4       Spider (0/4) Lair:3        Slime (0/5) Lair:5
    Orc: D:9-12

Altars:
Ashenzari
Cheibriados
Elyvilon
Fedhas
Gozag
Hepliaklqana
Kikubaaqudgha
Makhleb
Nemelex Xobeh
Okawaru
Qazlal
Ru
Sif Muna
Trog
Uskayaw
Vehumet
Xom
Yredelemnul
Zin
The Shining One
Jiyva

Shops:
D:7 !   D:8 :   Lair:5 =

Annotations:
Lair:2 exclusion: oklob plant
Lair:6 exclusion: 3 oklob plants


Innate Abilities, Weirdness & Mutations

You have sharp claws.
You have razor-sharp teeth.
You have supernaturally acute eyesight. (SInv)
You cover ground quickly. (Speed+)
Your thick and shaggy fur keeps you warm. (AC +3, rC+)
Your paws help you pounce on unaware monsters.
You are incapable of wielding weapons or throwing items.
You cannot wear armour.
You gain extra lives every three experience levels.
You are partially covered in iridescent scales. (AC +2)
You evolve.
You expend magic power (3 MP) to strengthen your wands.


Message History

The dire elephant zombie tramples you!
The dire elephant zombie barely misses you.
You scratch the dire elephant zombie but do no damage.
The dire elephant zombie is moderately damaged.
The dire elephant zombie misses you.
The dire elephant zombie closely misses you.
You claw the dire elephant zombie!
You bite the dire elephant zombie, but do no damage.
The dire elephant zombie is moderately damaged.
The dire elephant zombie tramples you! The dire elephant zombie misses you.
The dire elephant zombie completely misses you.
The dire elephant zombie trunk-slaps you but does no damage.
You are too injured to fight recklessly!
You are too injured to fight recklessly!
You are too injured to fight recklessly!
You are too injured to fight recklessly!
You are too injured to fight recklessly!
You are too injured to fight recklessly!
You are too injured to fight recklessly!
You are too injured to fight recklessly!
You are too injured to fight recklessly!
You are too injured to fight recklessly!
Casting: Irradiate (dangerous; 1% risk of failure)
Confirm with . or Enter, or press ? or * to list all spells.
You erupt in a fountain of uncontrolled magic!
The dire elephant zombie is blasted with magical radiation!
The dire elephant zombie is heavily damaged.
You are very lightly contaminated with residual magic.
The dire elephant zombie barely misses you.
The dire elephant zombie closely misses you.
Casting: Irradiate (dangerous; 1% risk of failure)
Confirm with . or Enter, or press ? or * to list all spells.
You erupt in a fountain of uncontrolled magic!
The dire elephant zombie is blasted with magical radiation!!!
The dire elephant zombie is severely damaged.
You revert to your normal fleshy form.
The dire elephant zombie tramples you!!
Ouch! That really hurt!
You die...
Your body crumbles into a pile of gold.

##..# ##...# ♣♣..... #########
#♣♣ ..♣♣.... ≈##8...8##...## ..
8..8♣♣♣.. ≈≈'[..[:#8....+ .#...#
♣P.. ≈≈'...[.#)$.Y.# ####.$.#
#... ≈≈#8...8#/YY..####....# ##..
≈.#######8YYY.#.@Z.#### #..
.###8.8###.Y###.#### #..
###8.⌠P8#####...##♣♣♣# ##..
..............###...P♣## ##...
####'''########♣P......♣###♣♣....
...........♣.....................
.................................
...............[.................
..........................<......


You could see a dire elephant zombie.

Vanquished Creatures
  Kirke (Lair:6)
  2 dire elephants (Lair:6)
  6 hydras
  Harold (D:9)
  2 boulder beetles
  A two-headed ogre (D:9)
  14 death yaks
  Nergalle (Lair:1)
  A fire crab (Lair:6)
  A spectral anaconda (Lair:6)
  2 bog bodies (Lair:4)
  An obsidian statue (Lair:6)
  Pikel (D:8)
  A necromancer (Lair:6)
  14 elephants
  A dire elephant zombie (Lair:6)
  A black mamba (Lair:2)
  A torpor snail (Lair:6)
  13 cane toads
  Maggie (D:8)
  A dire elephant skeleton (Lair:6)
  14 komodo dragons
  5 rime drakes
  A jumping spider (Lair:2)
  2 polar bears (Lair:5)
  3 spectral elephants
  6 blink frogs (Lair:4)
  17 dream sheep
  A tarantella (Lair:2)
  A redback (Lair:2)
  A wyvern (Lair:6)
  6 hogs (Lair:6)
  Grum (D:8)
  49 yaks
  4 basilisks
  A steam dragon (D:8)
  A spectral cane toad (Lair:6)
  2 wargs (D:9)
  12 water moccasins
  2 orc warriors
  An ogre (D:6)
  2 black bears
  An ice beast (D:7)
  A sky beast (D:7)
  12 wolves
  3 necrophages
  3 elephant skeletons (Lair:6)
  A lemure (D:8)
  4 kobold brigands
  2 centaurs
  Blork the orc (D:6)
  8 bullfrogs
  A gnoll sergeant (D:7)
  2 cane toad simulacra (Lair:6)
  A water moccasin zombie (D:5)
  5 killer bees (D:9)
  3 elephant simulacra (Lair:6)
  5 wights
  2 howler monkeys (D:6)
  6 centaur zombies
  5 orc priests
  A quasit (D:6)
  A centaur skeleton (D:7)
  5 hounds
  An iron imp (D:6)
  2 bullfrog skeletons (D:7)
  4 iguanas
  A human zombie (D:9)
  8 orc wizards
  A killer bee zombie (D:8)
  A hound zombie (D:5)
  A hound skeleton (D:5)
  2 mummies (D:9)
  3 howler monkey zombies (D:9)
  12 gnolls
  2 adders
  2 shadow imps
  2 white imps
  An ufetubus (D:5)
  3 worms
  A dart slug (D:1)
  36 orcs
  3 ball pythons
  6 endoplasms
  2 giant cockroaches
  31 goblins
  13 hobgoblins
  2 jackals (D:3)
  A quokka (D:1)
  3 bats
  3 frilled lizards
  A hobgoblin zombie (D:6)
  22 kobolds
  A kobold skeleton (D:6)
  4 kobold zombies (D:6)
  2 orc skeletons (D:6)
  A rat (D:1)
450 creatures vanquished.

Vanquished Creatures (others)
  36 fungi
  61 plants
  24 withered plants (Lair:6)
121 creatures vanquished.

Grand Total: 571 creatures vanquished

Notes
Turn   | Place    | Note
-------+----------+-------------------------------------------
     0 | D:1      | Delamore the Felid Conjurer began the quest for the Orb.
     0 | D:1      | Reached XP level 1. HP: 7/7 MP: 4/4
   151 | D:1      | Found a faded altar of an unknown god.
   389 | D:1      | Reached XP level 2. HP: 11/11 MP: 1/6
  1696 | D:2      | Reached XP level 3. HP: 14/14 MP: 1/7
  2492 | D:3      | Learned a level 2 spell: Searing Ray
  2795 | D:3      | Found a white marble altar of Elyvilon.
  3071 | D:3      | Reached XP level 4. HP: 16/18 MP: 1/8
  3803 | D:3      | Reached XP level 5. HP: 21/21 MP: 6/10
  4413 | D:3      | Identified a scroll of acquirement
  4414 | D:3      | Acquired 1050 gold pieces
  4869 | D:4      | Found a shimmering altar of Xom.
  4869 | D:4      | Found a sacrificial altar of Ru.
  5149 | D:5      | Entered Level 5 of the Dungeon
  5306 | D:5      | Reached skill level 5 in Stealth
  5306 | D:5      | Gained mutation: You are covered in thick fur. (AC +2)
                  | [Felid growth]
  5306 | D:5      | Reached XP level 6. HP: 20/24 MP: 2/11
  5388 | D:5      | Reached skill level 5 in Dodging
  5725 | D:5      | Reached skill level 5 in Conjurations
  5767 | D:5      | Found a staircase to the Ecumenical Temple.
  5775 | Temple   | Entered the Ecumenical Temple
  6090 | Temple   | Became a worshipper of Gozag Ym Sagoz the Greedy
  6767 | D:6      | Reached XP level 7. HP: 27/27 MP: 8/14
  6908 | D:6      | Reached skill level 5 in Spellcasting
  7595 | D:6      | Found a glowing golden altar of the Shining One.
  7938 | D:6      | Noticed Blork the orc
  7943 | D:6      | Killed Blork the orc
  8162 | D:6      | Reached XP level 8. HP: 31/31 MP: 13/19
  8451 | D:6      | Found a snail-covered altar of Cheibriados.
  9489 | D:7      | Found an iron altar of Okawaru.
 10060 | D:7      | Reached XP level 9. HP: 34/34 MP: 12/23
 10084 | D:7      | Reached skill level 10 in Spellcasting
 10084 | D:7      | Acquired the Reference Book on Moulding
 10087 | D:7      | Bought a potion of flight for 45 gold pieces
 10087 | D:7      | Bought a potion of heal wounds for 75 gold pieces
 10087 | D:7      | Bought a potion of heal wounds for 75 gold pieces
 10087 | D:7      | Bought a potion of haste for 150 gold pieces
 10087 | D:7      | Bought a potion of brilliance for 60 gold pieces
 10589 | D:8      | Noticed Grum
 10592 | D:8      | Reached skill level 1 in Transmutations
 10595 | D:8      | Reached skill level 1 in Fighting
 10601 | D:8      | Slain by a wolf
 10602 | D:8      | Reached XP level 8. HP: 0/32 MP: 18/23
 10649 | D:8      | Killed Grum
 11182 | D:8      | Reached XP level 9. HP: 37/37 MP: 18/24
 11401 | D:8      | Noticed Pikel
 11414 | D:8      | Killed Pikel
 11415 | D:8      | Reached skill level 5 in Transmutations
 11650 | D:8      | Noticed Maggie
 11670 | D:8      | Killed Maggie
 12112 | D:9      | Found a staircase to the Lair.
 12343 | D:9      | Noticed a two-headed ogre
 12376 | D:9      | Killed a two-headed ogre
 12377 | D:9      | Reached XP level 10. HP: 43/43 MP: 17/25
 13042 | D:9      | Found a basalt altar of Yredelemnul.
 13221 | D:9      | Noticed Harold
 13237 | D:9      | Killed Harold
 13448 | D:9      | Found a shimmering blue altar of Sif Muna.
 13502 | D:9      | Reached skill level 5 in Fighting
 14167 | Lair:1   | Entered Level 1 of the Lair of Beasts
 14188 | Lair:1   | Learned a level 2 spell: Slow
 14199 | Lair:1   | Noticed an eight-headed hydra
 14287 | Lair:1   | Killed an eight-headed hydra
 14646 | Lair:1   | Reached XP level 11. HP: 47/47 MP: 17/26
 14743 | Lair:1   | Slain by a komodo dragon
 14744 | Lair:1   | Reached XP level 10. HP: -5/44 MP: 21/25
 14842 | Lair:1   | Noticed Nergalle
 14861 | Lair:1   | Killed Nergalle
 14862 | Lair:1   | Reached skill level 10 in Stealth
 15695 | Lair:1   | Learned a level 5 spell: Irradiate
 15702 | Lair:1   | Learned a level 6 spell: Statue Form
 15984 | Lair:2   | Identified the +7 giant club of the Inquisitive Mice
                  | {antimagic, Str+5}
 16017 | Lair:2   | Reached skill level 10 in Transmutations
 16019 | Lair:2   | Reached skill level 1 in Earth Magic
 16441 | Lair:2   | Noticed a cane toad
 16476 | Lair:2   | Killed a cane toad
 16477 | Lair:2   | Reached skill level 2 in Earth Magic
 16765 | Lair:2   | Noticed a cane toad
 16770 | Lair:2   | Reached skill level 10 in Dodging
 17124 | Lair:2   | Noticed a cane toad
 17131 | Lair:2   | Killed a cane toad
 17132 | Lair:2   | Reached skill level 3 in Earth Magic
 17191 | Lair:2   | Noticed a black mamba
 17200 | Lair:2   | Killed a black mamba
 17201 | Lair:2   | Reached XP level 11. HP: 20/47 MP: 12/26
 17628 | Lair:2   | Found a runed translucent door.
 17648 | Lair:2   | Reached skill level 4 in Earth Magic
 17726 | Lair:2   | Found a blossoming altar of Fedhas.
 17728 | Lair:2   | Noticed an oklob plant
 18132 | Lair:2   | Identified the +7 whip of the Lesser Evil {antimagic,
                  | Dex+4}
 18208 | Lair:2   | Noticed a boulder beetle
 18233 | Lair:2   | Killed a boulder beetle
 18234 | Lair:2   | Reached skill level 5 in Earth Magic
 19162 | D:8      | Bought Sif Muna's Almanac of Evil Clay for 1376 gold pieces
 19165 | D:8      | Learned a level 2 spell: Blink
 19281 | Lair:3   | Reached skill level 6 in Earth Magic
 19808 | Lair:3   | Found a hole to the Spider Nest.
 20376 | Lair:4   | Reached skill level 7 in Earth Magic
 20477 | Lair:4   | Found a staircase to the Swamp.
 20478 | Lair:4   | Noticed a bog body
 20478 | Lair:4   | Noticed a bog body
 20484 | Lair:4   | Killed a bog body
 20487 | Lair:4   | HP: 2/47 [bog body/bolt of cold (45)]
 20488 | Lair:4   | Killed a bog body
 21140 | Lair:4   | Reached skill level 8 in Earth Magic
 21604 | Lair:4   | Noticed a death yak
 21606 | Lair:4   | Noticed a death yak
 21610 | Lair:4   | Noticed a death yak
 21613 | Lair:4   | Noticed a death yak
 21613 | Lair:4   | Noticed a death yak
 21617 | Lair:4   | Killed a death yak
 21628 | Lair:4   | Killed a death yak
 21629 | Lair:4   | Reached skill level 9 in Earth Magic
 21810 | Lair:4   | Killed a death yak
 21811 | Lair:4   | Gained mutation: Your thick and shaggy fur keeps you warm.
                  | (AC +3, rC+) [Felid growth]
 21811 | Lair:4   | Reached XP level 12. HP: 51/51 MP: 12/27
 21812 | Lair:4   | Killed a death yak
 21870 | Lair:4   | Killed a death yak
 22124 | Lair:4   | You fall into a shaft and drop 1 floor!
 22134 | Lair:5   | Reached skill level 10 in Earth Magic
 22212 | Lair:5   | Noticed a boulder beetle
 22233 | Lair:5   | Found a viscous altar of Jiyva.
 22233 | Lair:5   | Found a staircase to the Slime Pits.
 22334 | Lair:4   | Acquired a book of Alchemy
 22649 | Lair:4   | Reached skill level 11 in Earth Magic
 22812 | Lair:4   | Noticed a seven-headed hydra
 22819 | Lair:4   | Killed a seven-headed hydra
 23033 | Lair:4   | You fall into a shaft and drop 2 floors!
 23033 | Lair:6   | Entered Level 6 of the Lair of Beasts
 23033 | Lair:6   | Found a frozen archway.
 23035 | Lair:6   | Noticed Kirke
 23046 | Lair:6   | Killed Kirke
 23050 | Lair:5   | Noticed a five-headed hydra
 23384 | Lair:4   | Reached skill level 12 in Earth Magic
 24068 | Lair:5   | Reached XP level 13. HP: 37/54 MP: 17/28
 24662 | Lair:5   | Reached skill level 13 in Earth Magic
 25343 | Swamp:1  | Entered Level 1 of the Swamp
 25788 | Lair:5   | Slain by a death yak
 25789 | Lair:5   | Reached XP level 12. HP: -1/51 MP: 23/27
 25956 | Lair:5   | Killed a death yak
 26160 | Lair:5   | Killed a death yak
 26161 | Lair:5   | Killed a death yak
 26290 | Lair:5   | Bought an amulet of magic regeneration for 420 gold pieces
 26374 | Lair:6   | Reached skill level 14 in Earth Magic
 26589 | Lair:6   | Noticed an eight-headed hydra
 26600 | Lair:6   | Killed an eight-headed hydra
 26789 | Lair:6   | Noticed a seven-headed hydra
 26800 | Lair:6   | Killed a seven-headed hydra
 26876 | Lair:6   | Reached XP level 13. HP: 54/54 MP: 11/28
 27220 | Lair:6   | Noticed a dire elephant
 27253 | Lair:6   | Gained mutation: You sometimes lose the ability to read
                  | scrolls when taking damage. [mutagenic glow]
 27501 | Lair:6   | Reached skill level 15 in Earth Magic
 27888 | Lair:6   | Killed a dire elephant
 27957 | Lair:6   | Gained mutation: You are weak. (Str -2) [a neqoxec]
 28042 | Lair:6   | HP: 3/71 [elephant (3)]
 28258 | Lair:6   | HP: 2/55 [eight-headed hydra (14)]
 28258 | Lair:6   | Slain by an eight-headed hydra
 28259 | Lair:6   | Reached XP level 12. HP: -5/51 MP: 23/27
 28405 | Lair:5   | Lost mutation: You are weak. (Str -2) [potion of mutation]
 28405 | Lair:5   | Lost mutation: You sometimes lose the ability to read
                  | scrolls when taking damage. [potion of mutation]
 28405 | Lair:5   | Gained mutation: You expend magic power (3 MP) to
                  | strengthen your wands. [potion of mutation]
 28405 | Lair:5   | Gained mutation: You evolve. [potion of mutation]
 28462 | Lair:5   | Killed an eight-headed hydra
 28644 | Lair:5   | Learned a level 4 spell: Iskenderun's Mystic Blast
 28873 | Lair:6   | Gained mutation: You are partially covered in iridescent
                  | scales. (AC +2) [evolution]
 29362 | Lair:6   | Noticed a death yak
 29364 | Lair:6   | Noticed a dire elephant
 29374 | Lair:6   | Killed a death yak
 29578 | Lair:6   | Killed a dire elephant
 29817 | Lair:6   | Slain by a dire elephant zombie

Illustrated notes

Levels and vault maps discovered:
D:1:      dpeg_arrival_radiant, layout_loops_ring,
          ebering_ecumenical_altar_abandoned, minmay_3d_cube
D:2:      layout_rooms
D:3:      minmay_goblin_kobold_castle, layout_loops_ring,
          nicolae_elyvilon_peaceful_grove
D:4:      layout_loops_cross, gammafunk_temple_overflow_elements
D:5:      layout_gridville, minmay_temple_entry_glassed_door,
          minmay_statues_item
D:6:      layout_basic, chei_slow_surprise, nicolae_tso_besieged_by_evil,
          serial_curves, eino_curves_03, eino_curves_02, uniq_blork_the_orc
D:7:      layout_rooms, nicolae_overflow_hidden_temple
D:8:      black_bear_nest_2, layout_loops_ring, uniq_grum, uniq_pikel,
          uniq_maggie
D:9:      layout_roguey, lemuel_mausoleum_altar_yredelemnul, tgw_sif,
          erik_lair_orcish_takeover, corexii_leaking_fountain,
          serial_bayou_pond_e, uniq_harold
Temple:   hc_temple_tempest_star
Lair:1:   layout_roguey, uniq_nergalle
Lair:2:   gammafunk_indiana_jones, layout_big_grid, hangedman_tree_tricks
Lair:3:   layout_concentric_octagons, dummy_spider_entry,
          nicolae_volcano_entry_s_turn, nicolae_quartered_pool_little,
          chequers_serial_rivers_micro_a
Lair:4:   layout_gridlike, skrybe_swamp_entry_bodies, serial_bayou_shore_a,
          lemuel_fruit_tree, grunt_megastairs_3, infiniplex_staircase_pool_2,
          serial_bayou_shore_b
Lair:5:   layout_gridlike, slime_altar_1, minivault_11
Lair:6:   due_jungle_book, layout_regular_city, portal_ice_cave_rime,
          chequers_serial_rivers_large_a, serial_bayou_crossing,
          lemuel_fruit_fields, minmay_lair_oklob_chamber, uniq_kirke
Swamp:1:  layout_basic_swamp, evilmike_swamp_ruin_house_5

Skill      XL: |  1  2  3  4  5  6  7  8  9 10 11 12 13 |
---------------+----------------------------------------+-----
Stealth        | 3 4 5 6 8 10 | 10.0
Dodging        | 3 4 5 6 10 | 10.9
Conjurations   | 4 5 6 |  6.0
Spellcasting   | 3 4 6 9 10 | 10.6
Transmutations | 4 6 10 9 | 10.0
Fighting       | 2 4 5 6 |  6.1
Earth Magic    | 3 9 14 15 | 15.0

Action                   |  1- 3 |  4- 6 |  7- 9 | 10-12 | 13-15 || total
-------------------------+-------+-------+-------+-------+-------++-------
Melee: Unarmed           |    16 |    42 |     4 |    93 |    52 ||   207
       Bite              |     2 |     6 |       |    16 |    10 ||    34
 Cast: Magic Dart        |    97 |   121 |   229 |   396 |    68 ||   911
       Searing Ray       |     3 |    11 |    57 |    99 |    19 ||   189
       Irradiate         |       |       |       |   104 |    47 ||   151
       Slow              |       |       |       |     1 |       ||     1
       Statue Form       |       |       |       |    15 |     6 ||    21
       Iskenderun's Myst |       |       |       |    10 |       ||    10
Invok: Call Merchant     |       |       |     2 |     1 |       ||     3
       Potion Petition   |       |       |       |       |     1 ||     1
Evoke: Wand              |       |       |       |     6 |       ||     6
  Use: Scroll            |       |     8 |     1 |    12 |       ||    21
       Potion            |       |       |     2 |     2 |       ||     4
 Stab: Sleeping          |     1 |       |       |       |     1 ||     2
Armor: Skin              |     1 |     7 |     5 |   135 |    76 ||   224
Dodge: Dodged            |    17 |    64 |    86 |   660 |   252 ||  1079

Table legend: (Time is in decaauts)
 A = Elapsed time spent in this place.
 B = Non-inter-level travel time spent in this place.
 C = Inter-level travel time spent in this place.
 D = Time resting spent in this place.
 E = Time spent auto-exploring this place.
 F = Levels seen in this place.
 G = Mean time per level.
                   A        B        C        D        E       F      G
               +--------+--------+--------+--------+--------+-----+--------+
         Total |  28149 |  27425 |    724 |   9286 |  14382 |  17 | 1655.8 |
       Dungeon |  12741 |  12389 |    352 |   3375 |   7502 |   9 | 1415.7 |
        Temple |    269 |    244 |     25 |      0 |    240 |   1 |  269.0 |
          Lair |  15137 |  14792 |    345 |   5911 |   6639 |   6 | 2522.8 |
         Swamp |      1 |      1 |      0 |      0 |      0 |   1 |    1.0 |
               +--------+--------+--------+--------+--------+-----+--------+

Top non-repeatable levels by time:
  Lair:6: 3252 daAuts
  Lair:4: 3223 daAuts
  Lair:2: 2675 daAuts
  Lair:5: 2248 daAuts
     D:3: 2178 daAuts
     D:9: 1933 daAuts
  Lair:3: 1887 daAuts
  Lair:1: 1848 daAuts
     D:6: 1774 daAuts
     D:8: 1642 daAuts
     D:7: 1573 daAuts
     D:1: 1241 daAuts
     D:5: 1183 daAuts
     D:2: 608 daAuts
     D:4: 605 daAuts
